 Dungeon Crawl Stone Soup version 0.25.1-2-g60ff931df9 (webtiles) character file.

Game seed: 2741856162934337529

96 Johnny the Poker (level 4, 0/55 HPs)
             Began as a Demigod Gladiator on Aug 20, 2020.
             Killed by divine providence
             ... invoked by an orc priest
              (9 damage)
             ... on level 3 of the Dungeon.
             The game lasted 00:01:32 (2231 turns).

Johnny the Poker (Demigod Gladiator)                Turns: 2231, Time: 00:01:32

Health: 0/55       AC: 22    Str: 19    XL:     4   Next: 18%
Magic:  6/6        EV:  2    Int: 12    God:
Gold:   93         SH:  0    Dex: 17    Spells: 3/3 levels left

rFire    . . .     SeeInvis .   a - +0 trident
rCold    . . .     Gourm    .   (no shield)
rNeg     + + +     Faith    .   (armour currently unavailable)
rPois    +         Spirit   .   (helmet currently unavailable)
rElec    .         Reflect  .   (cloak currently unavailable)
rCorr    .         Harm     .   (gloves currently unavailable)
MR       .....     NoTele   +   (boots currently unavailable)
Stlth    ++........             (no amulet)
HPRegen  0.18/turn              (no ring)
MPRegen  0.10/turn              (no ring)

@: tree-form
A: high mp 1
a: no special abilities


You were on level 3 of the Dungeon.
You were not hungry.
You were a tree.
You visited 1 branch of the dungeon, and saw 3 of its levels.

You collected 93 gold pieces.

Inventory:

Hand Weapons
 a - a +0 trident (weapon)
Missiles
 d - 2 throwing nets (quivered)
Armour
 b - a +0 leather armour (melded)
 r - a +1 helmet (melded)
Wands
 p - a wand of enslavement (2)
Scrolls
 g - a scroll of blinking {unknown}
 i - 4 scrolls of identify {unknown}
 j - 3 scrolls of remove curse {unknown}
 k - 2 scrolls of teleportation {unknown}
 n - a scroll of magic mapping {unknown}
 q - a scroll of fog {unknown}
 s - a scroll of enchant weapon {unknown}
 t - a scroll of immolation {unknown}
Potions
 e - a potion of lignification
 h - a potion of curing {unknown}
 l - a potion of heal wounds {unknown}
 m - a potion of stabbing {unknown}
 o - a potion of berserk rage {unknown}
Comestibles
 f - 5 rations


   Skills:
 + Level 2.7 Fighting
 * Level 4.2 Polearms
 - Level 1.7 Throwing
 - Level 2.6 Dodging


You had 3 spell levels left.
You didn't know any spells.
Your spell library was empty.

Dungeon Overview and Level Annotations

Branches:
Dungeon (3/15)


Innate Abilities, Weirdness & Mutations

You have an increased reservoir of magic. (+10% MP)


Message History

You are too injured to fight recklessly!
You are too injured to fight recklessly!
You are too injured to fight recklessly!
You are too injured to fight recklessly!
You are too injured to fight recklessly!
You are too injured to fight recklessly!
Unknown command.
It was a potion of lignification.
You turn into a tree.
Your +1 helmet melds into your body.
Your +0 leather armour melds into your body.
Your roots penetrate the ground.
Okay, then.
Throwing (i - inventory)
d - 3 throwing nets (quivered)
Press: ? - help, Shift-Dir - straight line, f - orc priest
Aim: an orc priest, wielding a +0 falchion You throw a throwing net.
The throwing net hits the orc priest.
The orc priest is caught in the net!
The orc priest invokes the aid of Beogh against you.
Beogh smites you!
You die...

#.# #....#######........
#.#####.##.##...##........
...............(..........
#.#####.........##........
#.## #.##.##.####.#######
...# #.##.##.# #.#
#..####.##.##.# #.#
...........##.####'#####
#..####.##......♣oo.....
........................
........##.##.##...^###.
.........#.##.####+##
................[. ....#
.#>####....##.#########....#
.#.####...............#....#
...................##.#....#
.#######....#.###..##.#....#


You could see an orc priest (caught) and an orc.

Vanquished Creatures
  3 adders (D:2)
  A worm (D:2)
  2 leopard geckos (D:1)
  2 orcs (D:3)
  3 giant cockroaches
  6 goblins
  9 hobgoblins
  7 jackals
  A quokka (D:3)
  10 bats
  3 frilled lizards
  5 kobolds
  5 rats
57 creatures vanquished.

Notes
Turn   | Place    | Note
-------+----------+-------------------------------------------
     0 | D:1      | Johnny the Demigod Gladiator began the quest for the Orb.
     0 | D:1      | Reached XP level 1. HP: 17/17 MP: 3/3
   163 | D:1      | Reached skill level 3 in Polearms
   167 | D:1      | Reached XP level 2. HP: 24/24 MP: 4/4
   749 | D:2      | Found a glowing golden altar of the Shining One.
   751 | D:2      | Reached XP level 3. HP: 28/29 MP: 5/5
   760 | D:2      | Found a sacrificial altar of Ru.
  1228 | D:2      | Reached skill level 4 in Polearms
  1342 | D:2      | Reached XP level 4. HP: 28/37 MP: 6/6
  1523 | D:2      | Found a glowing silver altar of Zin.
  1523 | D:2      | Noticed an angel
  2231 | D:3      | Killed from afar by an orc priest

Illustrated notes

Levels and vault maps discovered:
D:1:      psy_arrival_basics, layout_loops_cross
D:2:      layout_rooms, grunt_temple_overflow_open, zin_angel, serial_glass,
          glass_columns_b, glass_columns_a, minmay_strange_pillars,
          minmay_strange_pillars, due_unseen_surprise, first_ration
D:3:      layout_basic

Skill      XL: |  1  2  3 |
---------------+----------+-----
Fighting       | 2 |  2.7
Polearms       | 3 4 |  4.2
Throwing       | |  1.7
Dodging        | |  2.6

Action                   |  1- 3 |  4- 6 || total
-------------------------+-------+-------++-------
Melee: Trident           |   127 |    38 ||   165
Throw: Throwing net      |       |     1 ||     1
  Use: Potion            |       |     1 ||     1
 Stab: Sleeping          |     6 |     1 ||     7
  Eat: Chunk             |     1 |     3 ||     4
Armor: Leather armour    |    26 |    24 ||    50
Dodge: Dodged            |    70 |    51 ||   121
